Map: Arctic Dream LE

Players

dDomingo - Winner!

  • Race: Zerg Zerg
  • League: Diamond
  • Spawn Location: 11:00

Yrixbat - Winner!

  • Race: Terran Terran
  • League: Diamond
  • Spawn Location: 12:00

qqq

  • Race: Protoss Protoss
  • League: Platinum
  • Spawn Location: 5:00

Massa

  • Race: Terran Terran
  • League: Gold
  • Spawn Location: 6:00

VOD

Have the link to the VOD?

Description

Time

  • Played on: Aug. 12, 2020, 12:59 p.m.
  • Length: 17:49
Show
View Real Time Build Order
Export as new Build Order

dDomingo Zerg - Winner!

Build Orders: Hatch First 

Get SALT Encoding   

  12  0:02  Drone  
  13  0:13  Overlord  
  13  0:17  Drone  
  14  0:31  Drone x2  
  16  0:49  Hatchery  
  15  0:55  Drone  
  16  0:58  Drone  
  16  1:00  Drone  
  18  1:12  Extractor  
  18  1:15  Spawning Pool  
  16  1:21  Drone x2  
  18  1:37  Drone  
  19  1:41  Drone  
  20  1:51  Drone  
  21  2:01  Queen  
  21  2:02  Queen  
  21  2:03  Overlord  
  21  2:05  Zergling x2  
  26  2:20  Metabolic Boost  
  26  2:25  Hatchery  
  25  2:30  Drone  
  25  2:33  Drone  
  25  2:35  Drone  
  28  2:37  Drone  
  29  3:06  Drone x2, Overlord  
  29  3:08  Queen  
  29  3:10  Drone  
  29  3:11  Drone x2  
  36  3:30  Drone x3, Extractor  
  36  3:33  Drone x3  
  41  3:40  Roach Warren, Queen  
  42  3:44  Overlord  
  42  3:45  Overlord  
  42  3:49  Drone x3  
  42  3:55  Lair  
  45  4:06  Extractor, Drone x3  
  45  4:07  Extractor  
  45  4:08  Drone x2  
  48  4:10  Drone  
  50  4:24  Drone x6  
  50  4:29  Pneumatized Carapace  
  50  4:30  Drone  
  56  4:45  Zergling x4  
  58  4:47  Overlord  
  58  4:50  Overlord  
  58  4:58  Hydralisk Den, Evolution Chamber  
  58  4:59  Evolution Chamber  
  55  5:07  Overseer  
  55  5:11  Drone x11  
  67  5:14  Drone x3  
  67  5:15  Drone  
  70  5:40  Zerg Missile Weapons Level 1  
  70  5:41  Zerg Ground Armor Level 1  
  70  5:42  Glial Reconstitution  
  70  5:44  Muscular Augments  
  70  6:01  Overlord x5  
  70  6:02  Overlord x2  
  70  6:05  Spore Crawler  
  70  6:06  Spore Crawler  
  70  6:07  Spore Crawler  
  70  6:10  Spore Crawler  
  66  6:13  Spore Crawler  
  66  6:14  Spore Crawler  
  66  6:16  Spore Crawler  
  66  6:17  Spore Crawler  
  62  6:18  Spore Crawler  
  62  6:19  Spore Crawler x3  
  62  6:22  Hydralisk x5  
  68  6:34  Drone x2  
  68  6:35  Drone x2  
  72  6:41  Drone x4  
  72  6:42  Infestation Pit  
  72  6:43  Drone x2  
  72  6:44  Drone  
  78  6:55  Grooved Spines  
  76  7:10  Hydralisk x9  
  94  7:31  Hive  
  94  7:35  Lurker Den  
  93  7:40  Overseer  
  93  7:42  Overseer  
  93  7:45  Drone x2  
  93  7:46  Extractor x2, Drone  
  93  7:47  Drone x3  
  93  7:48  Drone  
  93  7:49  Overlord  
  93  7:50  Overlord x3  
  98  7:52  Zerg Missile Weapons Level 2  
  98  7:53  Zerg Ground Armor Level 2  
  98  8:17  Overlord  
  98  8:39  Hydralisk  
  98  8:40  Hydralisk x13  
  126  8:43  Hatchery  
  126  8:45  Seismic Spines  
  125  8:55  Overlord  
  125  8:56  Overlord x3  
  125  9:14  Pathogen Glands  
  118  10:12  Zerg Missile Weapons Level 3  
  118  10:13  Zerg Ground Armor Level 3  
  118  10:14  Adaptive Talons  
  118  10:17  Hydralisk x14  
  146  10:22  Overlord  
  146  10:23  Overlord  
  146  10:33  Drone  
  146  10:34  Drone x14  
  161  10:39  Drone x3  
  161  10:40  Drone x3  
  167  10:43  Extractor  
  167  10:44  Overlord x3  
  167  10:48  Extractor  
  165  10:56  Infestor x2  
  165  10:57  Infestor x2  
  173  11:07  Hydralisk x4  
  181  11:43  Burrow  
  181  11:56  Hatchery  
  180  12:03  Hatchery  
  180  12:04  Hydralisk x4  
  180  12:05  Hydralisk x6  
  153  12:45  Hydralisk x3  
  153  12:46  Hydralisk x17  
  153  12:47  Hydralisk x3  
  133  13:35  Hydralisk x5  
  133  13:36  Hydralisk x7  
  119  14:09  Hydralisk x6  
  121  14:10  Hydralisk x3  
  125  14:33  Hydralisk x9  
  125  14:34  Hydralisk x3  
  149  14:41  Infestor  
  149  14:42  Infestor x4  
  159  14:46  Hydralisk x7  
  173  15:16  Viper x3  
  182  15:21  Extractor  
  182  15:23  Extractor  
  182  15:28  Neural Parasite  
  180  15:45  Hydralisk x10  
  196  16:20  Hydralisk x2  
  190  16:43  Zergling x10  
  190  16:44  Zergling x14  
  156  17:21  Hatchery  
  155  17:24  Hatchery, Hydralisk x8  
  155  17:25  Hydralisk x6  
Show
View Real Time Build Order
Export as new Build Order

Yrixbat Terran - Winner!

Build Orders: Command Center First (CC) 

Get SALT Encoding   

  12  0:00  SCV  
  13  0:12  SCV  
  14  0:17  Supply Depot  
  14  0:24  SCV  
  15  0:38  SCV  
  16  0:50  SCV  
  17  0:58  Command Center  
  17  1:02  SCV  
  18  1:18  SCV  
  19  1:21  Barracks  
  19  1:36  SCV  
  20  1:41  Supply Depot  
  20  1:49  SCV, Barracks  
  20  1:52  Barracks  
  21  2:07  Orbital Command  
  21  2:10  Marine  
  22  2:30  Orbital Command  
  22  2:33  SCV  
  22  2:34  Marine  
  24  2:40  Marine x2  
  26  2:46  SCV  
  27  2:52  Marine  
  27  2:57  Marine  
  27  2:58  Marine  
  28  3:10  Marine  
  29  3:13  SCV x2  
  29  3:15  Marine x2  
  29  3:16  Refinery  
  29  3:17  Refinery  
  29  3:19  Refinery  
  33  3:25  SCV x2  
  35  3:27  Refinery, Marine  
  35  3:33  Marine  
  37  3:37  SCV x2  
  39  3:49  SCV x2  
  41  3:59  Barracks Reactor, Barracks Tech Lab  
  41  4:00  Barracks Tech Lab  
  41  4:01  SCV x2  
  43  4:11  Factory  
  43  4:13  SCV  
  43  4:14  SCV  
  45  4:19  Stimpack  
  45  4:21  Marine  
  46  4:24  Supply Depot  
  46  4:45  Command Center  
  46  4:46  SCV x2, Marine x4, Supply Depot  
  52  4:58  SCV x2  
  54  5:07  Supply Depot  
  54  5:08  Marine  
  54  5:09  Supply Depot  
  54  5:10  SCV x2  
  54  5:13  Marine x3  
  60  5:14  Factory Reactor  
  60  5:19  Starport  
  60  5:22  SCV x2  
  62  5:32  Supply Depot  
  62  5:33  Supply Depot  
  62  5:34  Combat Shield  
  62  5:36  Marine x2  
  62  5:37  Marine x2  
  62  5:40  SCV x2  
  68  5:49  Engineering Bay x2  
  68  5:52  SCV  
  69  5:59  Orbital Command  
  69  6:13  Supply Depot  
  69  6:14  Supply Depot  
  69  6:15  Orbital Command  
  69  6:24  Marine  
  69  6:25  Marine x3  
  73  6:26  Medivac x2  
  77  6:34  Terran Infantry Armor Level 1, Terran Infantry Weapons Level 1  
  76  6:42  Marine  
  76  6:43  Marine x2  
  76  6:46  Marine  
  80  6:50  Orbital Command  
  80  6:54  SCV x2, Armory  
  80  6:55  Supply Depot x2  
  80  7:00  Marine x3  
  85  7:06  SCV x2  
  87  7:16  Marine  
  87  7:18  SCV x2, Marine x2  
  87  7:20  Barracks  
  87  7:22  Barracks  
  92  7:23  SCV, Barracks  
  93  7:30  SCV  
  93  7:31  SCV  
  93  7:32  Supply Depot x2  
  93  7:35  SCV  
  96  7:42  SCV  
  96  7:43  SCV  
  97  7:48  SCV  
  90  8:06  SCV x3, Marine  
  90  8:07  Marine x3  
  90  8:08  Medivac x2  
  95  8:14  Barracks Tech Lab  
  95  8:15  Barracks Reactor x2  
  95  8:18  SCV x3  
  93  8:21  Refinery x2  
  93  8:24  Marine  
  93  8:25  Marine  
  95  8:28  Marine x2  
  95  8:30  SCV x3  
  95  8:31  Terran Infantry Armor Level 2, Terran Infantry Weapons Level 2  
  100  8:41  Barracks  
  100  8:42  SCV x2, Marine x2  
  100  8:43  SCV, Barracks  
  100  8:44  Barracks  
  100  8:45  Barracks, Marine, Medivac x2  
  100  8:46  Marine x2  
  112  8:54  SCV  
  112  8:55  SCV  
  114  8:56  Missile Turret  
  114  8:58  Missile Turret  
  114  8:59  Marine x4  
  114  9:00  Marine x2  
  120  9:03  Marine x2  
  120  9:04  Marine  
  120  9:05  Supply Depot  
  120  9:08  Supply Depot  
  123  9:17  Marine x4  
  123  9:18  Marine x2  
  105  10:01  Marine  
  105  10:03  Barracks Reactor  
  105  10:04  Barracks Reactor x3  
  105  10:05  Medivac  
  105  10:06  Medivac  
  110  10:16  Marine x8  
  110  10:17  Supply Depot  
  110  10:18  Command Center, Supply Depot  
  110  10:19  Marine, Concussive Shells  
  119  10:21  Terran Vehicle And Ship Armor Level 1  
  119  10:23  Missile Turret  
  119  10:33  Marine  
  119  10:34  Marine x7  
  127  10:37  Marine, Medivac x2  
  127  10:40  Marine x8  
  140  10:51  Marine x5, Ghost Academy  
  140  10:52  Marine x3  
  140  10:55  Marine, Ghost Academy  
  140  10:56  Ghost Academy x2  
  149  10:57  Marine  
  149  10:58  Marine x7  
  157  11:09  Marine x8  
  164  11:13  Marine  
  164  11:15  Marine x2  
  164  11:16  Marine x6  
  153  11:27  Marine x3  
  148  11:36  Marine x7  
  148  11:37  Medivac  
  148  11:38  Medivac  
  161  11:44  Command Center  
  161  11:45  Terran Infantry Weapons Level 3, Terran Infantry Armor Level 3, Marine x2  
  164  11:48  Ghost x3  
  164  11:49  Marine x5  
  164  11:54  Marine  
  149  12:05  Marine x8  
  131  12:19  Marine x7  
  131  12:20  Marine x2  
  117  12:22  Marine  
  117  12:23  Marine x4  
  117  12:27  Marine x3  
  113  12:37  Marine x2  
  113  12:39  Medivac x2  
  112  12:54  Marine x9  
  112  12:55  Marine  
  122  13:09  Medivac x2  
  122  13:11  Marine  
  122  13:12  Marine x10  
  131  13:33  Marine x13  
  142  13:40  Planetary Fortress  
  106  14:28  Marine  
  106  14:29  Marine x16  
  115  14:37  Enhanced Shockwaves  
  115  14:38  Personal Cloaking  
  104  14:39  Nuke  
  104  14:42  Nuke  
  104  14:44  Planetary Fortress  
  96  14:46  Marine x4  
  96  14:47  Marine x2  
  96  14:48  Ghost x3  
  96  14:49  Marine x8  
  116  15:04  Marine x4  
  120  15:12  Marine x10  
  130  15:16  Ghost x2  
  130  15:17  Ghost  
  136  15:22  Marine x4  
  140  15:29  Marine  
  140  15:30  Marine x6  
  140  15:31  Marine  
  140  15:35  SCV x4  
  149  15:36  Marine  
  153  15:47  SCV x2  
  153  15:48  SCV x2  
  157  15:53  Marine x14  
  157  15:54  Marine x3  
  157  15:56  Nuke  
  174  15:59  SCV  
  174  16:00  SCV x3  
  178  16:04  Nuke  
  178  16:11  SCV, Marine  
  179  16:12  SCV x3  
  181  17:14  Marine  
  181  17:15  Marine x11  
Show
View Real Time Build Order
Export as new Build Order

qqq Protoss 

Build Orders: 1 Gate Expand, Carriers 

Get SALT Encoding   

  12  0:02  Probe  
  13  0:14  Probe  
  13  0:19  Pylon  
  14  0:26  Probe  
  15  0:38  Probe  
  15  0:42  Gateway  
  16  0:47  Pylon  
  16  0:53  Probe  
  17  1:06  Probe  
  18  1:22  Probe  
  19  1:27  Nexus  
  19  1:34  Probe  
  20  1:42  Assimilator  
  20  1:45  Assimilator  
  20  1:46  Probe  
  21  1:54  Cybernetics Core  
  21  1:58  Probe  
  22  2:10  Probe  
  23  2:23  Probe  
  24  2:33  Forge  
  24  2:35  Probe  
  25  2:39  Probe  
  26  2:47  Probe  
  27  2:51  Probe  
  27  2:53  Stargate  
  28  2:59  Probe  
  28  3:02  Stalker  
  28  3:03  Probe  
  32  3:11  Probe  
  32  3:12  Photon Cannon  
  33  3:15  Probe, Pylon  
  34  3:23  Probe  
  34  3:25  Stargate  
  35  3:28  Probe  
  36  3:35  Photon Cannon  
  36  3:42  Probe x2  
  38  3:54  Probe x2, Assimilator  
  40  3:57  Assimilator  
  40  4:05  Phoenix  
  40  4:06  Probe  
  40  4:08  Pylon  
  40  4:09  Phoenix  
  45  4:18  Probe (Chrono Boost)  
  46  4:30  Probe (Chrono Boost), Phoenix  
  49  4:33  Phoenix  
  49  4:34  Photon Cannon  
  49  4:35  Probe (Chrono Boost)  
  52  4:44  Probe  
  53  4:46  Photon Cannon  
  53  4:48  Pylon  
  53  4:55  Phoenix  
  53  4:56  Probe  
  56  5:06  Nexus  
  56  5:08  Probe  
  56  5:09  Pylon  
  57  5:21  Probe  
  58  5:24  Fleet Beacon  
  58  5:26  Protoss Air Weapons Level 1  
  58  5:30  Phoenix  
  60  5:43  Photon Cannon  
  60  5:52  Photon Cannon  
  60  5:59  Nexus  
  60  6:01  Phoenix, Pylon  
  60  6:03  Pylon  
  62  6:12  Carrier  
  68  6:39  Photon Cannon  
  68  6:41  Probe, Photon Cannon  
  68  6:44  Photon Cannon  
  69  6:47  Photon Cannon  
  69  6:48  Carrier  
  69  6:54  Probe  
  76  7:06  Probe  
  75  7:17  Carrier  
  75  7:18  Anion Pulse-Crystals  
  81  7:26  Stargate  
  81  7:32  Probe x2  
  83  7:44  Probe x2, Protoss Air Weapons Level 2  
  85  7:55  Carrier  
  85  7:56  Probe x2  
  90  8:08  Probe x2  
  92  8:20  Probe x2  
  92  8:21  Carrier  
  92  8:25  Carrier  
  106  8:32  Probe  
  106  8:33  Probe  
  108  8:35  Photon Cannon  
  108  8:36  Shield Battery  
  108  8:38  Pylon  
  108  8:41  Photon Cannon  
  108  8:44  Probe  
  108  8:45  Probe, Pylon  
  110  8:57  Probe x2  
  110  8:59  Tempest, Assimilator  
  117  9:03  Assimilator  
  117  9:05  Photon Cannon  
  117  9:06  Shield Battery  
  117  9:09  Probe x2  
  119  9:21  Probe x2  
  121  9:25  Carrier  
  127  9:33  Probe x2  
  129  9:45  Probe x2  
  131  9:54  Carrier  
  131  10:06  Photon Cannon  
  131  10:07  Photon Cannon  
  131  10:09  Photon Cannon  
  131  10:11  Shield Battery  
  131  10:13  Photon Cannon  
  131  10:16  Photon Cannon  
  131  10:19  Pylon  
  131  10:21  Pylon  
  131  10:22  Assimilator  
  131  10:24  Probe, Pylon  
  131  10:26  Assimilator  
  132  10:28  Pylon  
  132  10:37  Probe x2, Carrier  
  132  10:40  Carrier  
  146  10:49  Probe x2  
  148  10:52  Nexus  
  148  10:56  Pylon  
  148  10:57  Pylon  
  148  10:58  Carrier  
  148  11:01  Pylon  
  148  11:02  Mothership (Chrono Boost)  
  156  11:05  Probe x2 (Chrono Boost)  
  164  11:12  Protoss Air Armor Level 1  
  164  11:19  Probe x2 (Chrono Boost)  
  160  11:31  Probe  
  160  11:46  Pylon  
  160  11:48  Photon Cannon  
  160  11:51  Photon Cannon  
  160  11:55  Nexus  
  160  11:58  Carrier, Pylon  
  160  12:04  Carrier  
  146  12:53  Carrier  
  152  12:59  Photon Cannon  
  152  13:00  Photon Cannon  
  152  13:02  Photon Cannon, Carrier  
  158  13:08  Carrier  
  155  13:36  Nexus  
  155  13:39  Pylon  
  155  13:42  Pylon  
  155  13:44  Pylon  
  155  13:47  Pylon  
  155  13:52  Probe  
  148  13:57  Probe, Carrier  
  148  14:01  Photon Cannon  
  148  14:02  Photon Cannon  
  155  14:04  Probe  
  155  14:05  Pylon  
  155  14:08  Carrier  
  155  14:09  Probe  
  163  14:12  Carrier  
  163  14:13  Photon Cannon  
  164  14:17  Probe  
  164  14:23  Probe  
  159  14:37  Probe  
  160  14:41  Photon Cannon  
  160  14:43  Photon Cannon  
  160  14:49  Probe  
  161  14:53  Probe  
  162  15:01  Probe  
  162  15:02  Shield Battery  
  162  15:05  Probe, Pylon  
  164  15:11  Tempest  
  164  15:13  Probe  
  170  15:17  Probe  
  171  15:25  Probe  
  172  15:29  Probe  
  173  15:37  Probe  
  173  15:40  Photon Cannon  
  173  15:41  Probe, Photon Cannon  
  175  15:43  Photon Cannon  
  175  15:44  Photon Cannon  
  175  15:46  Pylon  
  175  15:48  Pylon  
  175  15:50  Shield Battery  
  175  15:54  Probe, Carrier  
  182  16:06  Probe  
  183  16:17  Photon Cannon  
  183  16:18  Probe  
  184  16:19  Photon Cannon  
  184  16:20  Shield Battery  
  184  16:24  Shield Battery  
  184  16:28  Shield Battery  
  184  16:30  Probe  
  184  16:31  Carrier, Shield Battery x2  
  191  16:36  Shield Battery  
  191  16:38  Shield Battery  
  104  17:40  Pylon  
Show
View Real Time Build Order
Export as new Build Order

Massa Terran 

Build Orders:  

Get SALT Encoding   

  12  0:01  SCV  
  13  0:13  SCV  
  14  0:19  Supply Depot  
  14  0:25  SCV  
  15  0:31  Refinery  
  15  0:40  SCV  
  16  0:47  Barracks  
  16  0:55  SCV  
  17  1:17  SCV  
  18  1:29  SCV  
  19  1:36  Supply Depot  
  20  1:40  Reaper  
  20  1:53  Refinery  
  19  2:03  Orbital Command, Barracks  
  19  2:12  Reaper  
  20  2:26  Command Center  
  20  2:28  Factory  
  20  2:58  Marine x2  
  21  3:16  Marine  
  21  3:18  SCV  
  24  3:20  Factory Tech Lab  
  24  3:23  Barracks Tech Lab  
  23  3:28  Barracks  
  23  3:30  SCV  
  24  3:35  Starport  
  24  3:38  Refinery  
  24  3:41  SCV  
  24  3:42  SCV  
  26  3:53  SCV  
  26  3:54  SCV  
  28  3:58  Concussive Shells  
  28  4:01  Barracks Reactor  
  28  4:06  SCV  
  28  4:08  Orbital Command  
  29  4:12  Marauder  
  31  4:18  Barracks Tech Lab  
  31  4:26  Engineering Bay  
  31  4:33  Marauder  
  31  4:37  Widow Mine  
  34  4:39  SCV x2  
  38  4:45  Marauder  
  38  4:53  SCV x2  
  38  4:55  Marauder  
  38  4:56  Terran Infantry Weapons Level 1  
  38  4:58  Widow Mine  
  44  5:05  SCV x2  
  46  5:15  Refinery  
  46  5:23  Supply Depot  
  46  5:25  Supply Depot  
  46  5:28  Supply Depot  
  46  5:31  Supply Depot  
  46  5:33  Supply Depot  
  46  5:42  Stimpack  
  46  5:45  SCV x2, Siege Tank  
  46  5:49  Marauder x2, Marine x2  
  59  5:57  SCV x2  
  59  6:07  Marine x2  
  59  6:09  SCV x2  
  59  6:10  Marauder, Missile Turret  
  65  6:13  Missile Turret  
  65  6:21  SCV x2  
  67  6:29  Missile Turret  
  67  6:38  Sensor Tower  
  67  6:39  Marauder x2, Marine  
  72  6:40  Marine  
  72  6:41  SCV x2  
  72  6:44  Medivac  
  77  6:48  Widow Mine  
  77  6:53  SCV x2  
  81  6:57  Marine x2  
  81  7:00  Marauder  
  85  7:07  Supply Depot  
  85  7:10  Supply Depot  
  85  7:12  Command Center  
  85  7:19  Refinery  
  85  7:23  SCV  
  85  7:29  SCV, Marauder x2, Combat Shield  
  91  7:31  Siege Tank  
  94  8:30  SCV x2  
  96  8:40  Terran Infantry Armor Level 1  
  96  8:42  SCV  
  96  8:43  SCV  
  96  8:44  Armory  
  98  8:52  Orbital Command  
  98  8:54  SCV  
  98  8:55  SCV, Barracks  
  100  9:05  Engineering Bay  
  100  9:06  SCV  
  100  9:07  SCV  
  102  9:18  SCV  
  102  9:19  SCV  
  103  9:30  SCV  
  103  9:31  SCV  
  97  9:49  SCV x3, Missile Turret  
  100  9:55  Refinery  
  100  9:59  Command Center  
  100  10:01  SCV x3  
  100  10:02  Barracks  
  100  10:04  Barracks Tech Lab  
  100  10:06  Marauder x2  
  107  10:07  Marine x2  
  107  10:09  Missile Turret  
  107  10:11  Siege Tank  
  107  10:13  SCV x3  
  115  10:15  Factory  
  115  10:25  Marine x2  
  117  10:35  Supply Depot x2  
  117  10:37  Supply Depot  
  117  10:38  Supply Depot  
  117  10:53  Terran Infantry Armor Level 2, Terran Infantry Weapons Level 2  
  117  10:56  Marine  
  117  10:57  Marauder x3, Marine, Medivac, Siege Tank  
  125  10:58  Terran Vehicle And Ship Armor Level 1  
  125  10:59  Supply Depot  
  125  11:02  Armory, Supply Depot  
  125  11:04  Supply Depot  
  130  11:05  Supply Depot  
  130  11:14  Armory, Marine x2  
  136  11:18  Marauder x2  
  136  11:19  Marauder  
  136  11:21  Command Center  
  136  11:23  Missile Turret  
  138  11:26  Refinery  
  138  11:27  Factory Tech Lab, Medivac  
  138  11:28  Missile Turret, Supply Depot  
  138  11:29  Missile Turret, Siege Tank  
  138  11:32  Marine  
  148  11:40  Marauder x3, Planetary Fortress  
  148  11:43  SCV x3  
  153  11:48  Missile Turret  
  153  11:50  Missile Turret  
  153  11:53  Missile Turret  
  153  11:55  SCV  
  153  11:56  SCV x2  
  156  12:01  Marauder x3  
  156  12:07  SCV  
  156  12:08  SCV x2  
  132  12:19  SCV  
  132  12:20  SCV x2  
  124  12:22  Marauder x2  
  124  12:23  Marauder  
  124  12:24  Marine x2  
  124  12:28  Barracks Tech Lab  
  106  12:30  Thor x2  
  106  12:31  SCV  
  106  12:32  SCV x2  
  106  12:34  Medivac  
  118  12:39  Terran Vehicle Weapons Level 1  
  118  12:41  Marine  
  118  12:42  Marine  
  118  12:44  Marauder x3  
  113  12:46  Refinery  
  113  12:49  Command Center  
  115  13:04  Medivac  
  115  13:05  Marauder x2  
  123  13:06  Marauder  
  123  13:09  Marauder  
  123  13:12  Marine x2, Thor  
  127  13:13  Thor  
  139  13:27  Marauder x3  
  145  13:29  Marine  
  145  13:30  Marine  
  145  13:31  Marauder  
  146  13:47  Marine  
  146  13:48  Marauder x3, Marine  
  145  13:52  Marauder  
  133  14:05  Marine x2  
  133  14:07  Siege Tank x2  
  133  14:09  Marauder x2  
  125  14:10  Marauder  
  125  14:14  Marauder  
  125  14:23  Marine x2  
  113  14:29  Terran Infantry Weapons Level 3  
  113  14:30  Terran Infantry Armor Level 3  
  113  14:31  Terran Vehicle And Ship Armor Level 2, Marauder x3  
  107  14:35  Marauder  
  107  14:39  Siege Tank x2  
  107  14:41  Marine x2  
  115  14:52  Marauder x3  
  121  14:56  Marauder  
  121  14:57  Command Center  
  121  14:58  Marine  
  124  15:04  SCV, Factory  
  124  15:05  SCV x3  
  124  15:06  Refinery  
  128  15:11  Siege Tank  
  128  15:13  Marauder x2  
  137  15:14  Marauder  
  137  15:16  SCV  
  137  15:17  SCV x3  
  137  15:18  Marauder  
  137  15:19  Marine x2  
  145  15:23  Terran Vehicle Weapons Level 2  
  145  15:31  Medivac  
  145  15:35  Marauder x3  
  153  15:37  Marine x2  
  153  15:39  Marauder  
  153  15:40  Missile Turret  
  153  15:42  Planetary Fortress  
  157  15:55  Marine x2  
  157  15:56  Marauder x2  
  157  15:57  Marauder  
  165  16:00  Marauder, Missile Turret  
  165  16:01  Medivac  
  169  16:18  Marauder  
  171  16:23  Missile Turret  
  171  16:24  Command Center  
  171  16:30  Factory Tech Lab  
  171  16:31  Medivac  
  173  16:33  Factory  
  173  16:43  Missile Turret  
  163  17:01  Medivac  
  149  17:05  Marauder x3  
  149  17:06  Marauder, Marine x2  
  117  17:21  Orbital Command  
  117  17:24  Marine x2  
  117  17:26  Marauder x2  
  117  17:27  Marauder x2  
  125  17:30  Factory Tech Lab  
Tags
 
Add a new tag
Caveats
  • Supply blocks, unpowered buildings, or Contaminate may cause inaccurate times.
  • Supply counts are checked every 10 seconds.